 Dungeon Crawl Stone Soup version 0.18.1-50-g88ac8fd (webtiles) character file.

829 nikopol the Skirmisher (level 7, -1/96 HPs)
             Began as a Minotaur Berserker on Sept 23, 2016.
             Was an Elder of Trog.
             Slain by a gnoll sergeant
             ... wielding a +0 trident
              (3 damage)
             ... on level 6 of the Dungeon.
             The game lasted 00:07:24 (3369 turns).

nikopol the Skirmisher (Minotaur Berserker)         Turns: 3369, Time: 00:07:25

Health: -1/96      AC:  8    Str: 27    XL:     7   Next: 65%
Magic:  6/6        EV: 12    Int:  4    God:    Trog [****..]
Gold:   275        SH:  0    Dex: 11    Spells: 0 memorised, 6 levels left

rFire  . . .     SeeInvis .     a - +0 hand axe
rCold  . . .     Gourm    .     g - +0 scale mail
rNeg   . . .     Faith    .     (no shield)
rPois  .         Spirit   .     (helmet restricted)
rElec  .         Dismiss  .     n - +0 cloak
rCorr  .         Reflect  .     (no gloves)
SustAt .         Harm     .     (no boots)
MR     .....                    (no amulet)
Stlth  ..........               (no ring)
                                m - ring of loudness (curse)

@: berserking (expiring), very quick, not resistant to hostile enchantments,
extremely unstealthy
A: retaliatory headbutt, horns 2
a: Berserk, Trog's Hand, Brothers in Arms, Burn Spellbooks, Renounce Religion


You were on level 6 of the Dungeon.
You worshipped Trog.
Trog was greatly pleased with you.
You were hungry.

You visited 1 branch of the dungeon, and saw 6 of its levels.

You collected 275 gold pieces.

Inventory:

Hand Weapons
 a - a +0 hand axe (weapon)
Missiles
 d - 84 arrows (quivered)
Armour
 b - a +0 animal skin
 g - a +0 scale mail (worn)
 n - a +0 cloak (worn)
 y - a +0 scale mail
Jewellery
 m - a cursed ring of loudness (left hand)
Scrolls
 f - 4 scrolls of teleportation {unknown}
 h - 3 scrolls of remove curse {unknown}
 j - 2 scrolls of magic mapping {unknown}
 k - 2 scrolls of fear {unknown}
 l - 7 scrolls of identify {unknown}
 r - 2 scrolls of enchant armour {unknown}
 u - 2 scrolls of immolation {unknown}
 w - a scroll of amnesia {unknown}
 x - a scroll of fog {unknown}
 B - a scroll of enchant weapon {unknown}
Potions
 e - 3 potions of flight {unknown}
 i - 2 potions of haste {unknown}
 o - a potion of ambrosia {unknown}
 p - 2 potions of brilliance {unknown}
 q - 2 potions of mutation {unknown}
 s - 3 potions of heal wounds {unknown}
 A - a potion of lignification {unknown}
 E - 2 potions of degeneration {unknown}
 F - a potion of curing {unknown}
 G - a potion of resistance {unknown}
 I - a potion of agility {unknown}
Comestibles
 c - 6 bread rations
 t - a slice of pizza
 v - 2 meat rations
 z - a beef jerky
 C - 2 fruits
 D - a royal jelly
 H - 5 chunks of flesh


   Skills:
 + Level 6.4 Fighting
 + Level 6.4 Axes
 + Level 5.3 Armour
 + Level 5.1 Dodging


You had 6 spell levels left.
You didn't know any spells.

Dungeon Overview and Level Annotations

Branches:
Dungeon (6/15)
 Temple: D:4-7

Altars:
Kikubaaqudgha
Nemelex Xobeh
Sif Muna
Vehumet
Zin

Shops:
D:5 (


Innate Abilities, Weirdness & Mutations

You reflexively headbutt those who attack you in melee.
You have a pair of horns on your head.


Message History

Something hits you but does no damage.
You hit the gnoll sergeant but do no damage.
You headbutt the gnoll sergeant.
The gnoll sergeant is almost dead.
You closely miss something. You hit the gnoll.
You kill the gnoll!
Trog accepts your kill.
You closely miss the gnoll sergeant.
Your headbutt misses the gnoll sergeant.
The gnoll sergeant is almost dead.
You hit something.
The gnoll sergeant completely misses you.
The gnoll barely misses you. Something hits you but does no damage.
A crimson imp comes into view.
You barely miss the gnoll sergeant.
The gnoll sergeant is almost dead.
You closely miss something.
The crimson imp shouts!
The gnoll sergeant hits you with a trident.
You die...

#.........#
#.........#
..........#
.##.....##
#...(.#
#.....# # #
#.....#
..Z.#'##..<..#
#.....g@######
.5...g){#
........#
........#
.....####
..... ....
?>.#


You could see a gnoll sergeant, a gnoll, a crimson imp and a giant frog skeleton
(wandering).

Vanquished Creatures
  Menkaure (D:6)
  Edmund (D:6)
  The ghost of kraktruk the Magician, an amateur FeCj (D:4)
  A scorpion (D:4)
  A crimson imp (D:5)
  2 hounds (D:4)
  Crazy Yiuf (D:3)
  A giant frog skeleton (D:4)
  A centaur skeleton (D:4)
  An iguana (D:6)
  2 worker ants
  Robin (D:4)
  A worker ant zombie (D:4)
  7 gnolls
  4 adders
  An adder skeleton (D:4)
  A worm (D:3)
  A dart slug (D:1)
  6 giant geckos
  9 orcs
  4 bats
  5 giant cockroaches
  12 goblins
  8 hobgoblins
  11 jackals
  8 kobolds
  4 quokkas
  A ball python (D:2)
  A giant gecko zombie (D:5)
  6 giant newts
  A jackal zombie (D:5)
  A quokka skeleton (D:4)
  6 rats
  A fungus (D:3)
113 creatures vanquished.

Notes
Turn   | Place    | Note
--------------------------------------------------------------
     0 | D:1      | nikopol the Minotaur Berserker began the quest for the Orb.
     0 | D:1      | Reached XP level 1. HP: 19/19 MP: 0/0
    76 | D:1      | Reached XP level 2. HP: 27/27 MP: 1/1
   772 | D:2      | Reached XP level 3. HP: 33/33 MP: 2/2
   779 | D:2      | Reached ** piety under Trog
   948 | D:2      | Found a glowing silver altar of Zin.
   948 | D:2      | Noticed an angel
   963 | D:2      | Reached XP level 4. HP: 40/40 MP: 3/3
  1039 | D:2      | Found a radiant altar of Vehumet.
  1712 | D:3      | Reached XP level 5. HP: 40/47 MP: 4/4
  1887 | D:3      | Noticed Crazy Yiuf
  1895 | D:3      | Killed Crazy Yiuf
  2012 | D:4      | Reached skill level 5 in Axes
  2029 | D:4      | Reached skill level 5 in Fighting
  2188 | D:4      | Reached *** piety under Trog
  2188 | D:4      | Reached XP level 6. HP: 53/56 MP: 5/5
  2240 | D:4      | Noticed kraktruk's ghost (amateur FeCj)
  2256 | D:4      | Killed kraktruk's ghost
  2549 | D:4      | Noticed Robin
  2557 | D:4      | Killed Robin
  2756 | D:5      | Entered Level 5 of the Dungeon
  2916 | D:5      | Found an ancient bone altar of Kikubaaqudgha.
  2927 | D:5      | Found a sparkling altar of Nemelex Xobeh.
  2941 | D:5      | Found a deep blue altar of Sif Muna.
  3110 | D:5      | Found Qoom's Weapon Emporium.
  3131 | D:5      | Reached XP level 7. HP: 62/62 MP: 6/6
  3143 | D:5      | You fall through a shaft!
  3178 | D:6      | Noticed Edmund
  3207 | D:6      | Killed Edmund
  3207 | D:6      | Reached skill level 5 in Armour
  3228 | D:6      | Noticed Menkaure
  3237 | D:6      | Killed Menkaure
  3237 | D:6      | Reached skill level 5 in Dodging
  3356 | D:6      | Reached **** piety under Trog
  3366 | D:6      | HP: 2/96 [gnoll sergeant/trident (10)]
  3369 | D:6      | Slain by a gnoll sergeant

Skill      XL: |  1  2  3  4  5  6  7 |
---------------+----------------------+-----
Fighting       | 4 5 6 |  6.4
Axes           | 4 5 6 |  6.4
Armour         | 3 4 5 |  5.3
Dodging        | 3 4 5 |  5.1

Action                   |  1- 3 |  4- 6 |  7- 9 || total
-------------------------+-------+-------+-------++-------
Melee: Hand axe          |    66 |   176 |    64 ||   306
       Headbutt          |     8 |    33 |    16 ||    57
Invok: Berserk           |     1 |     2 |     2 ||     5
  Eat: Chunk             |     1 |     9 |     2 ||    12
Armor: Scale mail        |    35 |    63 |    27 ||   125
Dodge: Dodged            |    40 |    89 |    34 ||   163
